[Event "CZE-ch Open 2019"]
[Site "Ostrava"]
[Date "2019.04.30"]
[Round "4.4"]
[White "Simacek, Pavel"]
[Black "Michalik, Peter"]
[Result "1-0"]
[ECO "B15"]
[WhiteElo "2471"]
[BlackElo "2577"]
[Annotator "RC"]
[PlyCount "65"]
[EventDate "2019.04.27"]
[EventType "swiss"]
[EventCountry "CZE"]
[SourceTitle "playchess.com"]
[Source "ChessBase"]
[SourceQuality "1"]
[TimeControl "40/5400+30:1800+30"]

1. e4 c6 2. d4 d5 3. Nc3 dxe4 4. Nxe4 Nf6 5. Nxf6+ exf6 6. c3 Bd6 7. Bd3 O-O 8. Ne2 Re8 9. O-O Nd7 10. Bf4 Nf8 11. Qd2 Ne6 12. Bxd6 Qxd6 13. f4 Bd7 14. f5 Nf8 15. Ng3 Kh8 16. Rf3 h6 17. Ne4 Qe7 18. Qf4 c5 19. Nd6 cxd4 20. Bc4 Rec8 21. Bb3 Be8 22. Nxc8 Rxc8 23. cxd4 a5 24. Re3 Qb4 25. Rae1 Bc6 26. Rd1 Be8 27. a3 Qb6 28. Rg3 Bd7 29. Bxf7 Qxb2 30. Bb3 Nh7 31. Be6 Ba4 32. Bxc8 Bxd1 33. Be6 1-0

[Event "CZE-ch Open 2019"]
[Site "Ostrava"]
[Date "2019.04.30"]
[Round "4.9"]
[White "Cernousek, Lukas"]
[Black "Serrano Salvador, Eduardo"]
[Result "1-0"]
[ECO "B48"]
[WhiteElo "2438"]
[BlackElo "2305"]
[Annotator "NA"]
[PlyCount "75"]
[EventDate "2019.04.27"]
[EventType "swiss"]
[EventCountry "CZE"]
[SourceTitle "playchess.com"]
[Source "ChessBase"]
[SourceQuality "1"]
[TimeControl "40/5400+30:1800+30"]

1. e4 c5 2. Nf3 e6 3. d4 cxd4 4. Nxd4 Nc6 5. Nc3 Qc7 6. Be3 a6 7. Qf3 {B48: Sicilian: Taimanov: 5 Nc3 Qc7 6 Be3 a6 without Be2} Nf6 8. O-O-O Nxd4 (8... Ne5 9. Qg3 b5 10. f4 Neg4 11. Bd2 b4 12. Na4 h5 13. Bd3 d5 14. e5 Ne4 15. Bxe4 dxe4 {½-½ (48) Caruana,F (2832)-Shankland,S (2724) Germany 2019}) 9. Bxd4 e5 10. Be3 d6 11. h3 b5 12. g4 b4 13. Nd5 Nxd5 14. exd5 Be7 {[#]} 15. Qe4 $146 f5 16. Qxb4 Rb8 17. Qc4 Qxc4 18. Bxc4 f4 19. Bd2 Bh4 20. f3 $16 O-O 21. Bd3 Bb7 22. Be4 Ba8 23. Be1 Bxe1 24. Rhxe1 Rfc8 25. Rd3 Rc5 26. Red1 a5 27. Rb3 Rxb3 28. axb3 Kf7 29. h4 Bb7 30. c3 h6 31. Kc2 Ke7 32. c4 Kd7 33. Rg1 Ke7 34. Kc3 Ba6 35. g5 h5 36. g6 a4 37. Ra1 Bb5 38. Kb4 1-0

[Event "CZE-ch Open 2019"]
[Site "Ostrava"]
[Date "2019.04.30"]
[Round "4.11"]
[White "Roubalik, Jakub"]
[Black "Ludvik, Tomas"]
[Result "0-1"]
[ECO "D20"]
[WhiteElo "2417"]
[BlackElo "2222"]
[Annotator "ChessBase"]
[PlyCount "86"]
[EventDate "2019.04.27"]
[EventType "swiss"]
[EventCountry "CZE"]
[SourceTitle "playchess.com"]
[Source "ChessBase"]
[SourceQuality "1"]
[TimeControl "40/5400+30:1800+30"]

1. d4 d5 2. c4 dxc4 3. e4 Nc6 4. Nf3 Bg4 5. Bxc4 e6 6. Bb5 Bxf3 7. Bxc6+ bxc6 8. Qxf3 Nf6 9. O-O Be7 10. Rd1 O-O 11. b3 Qd7 12. Bb2 c5 13. d5 exd5 14. e5 Ng4 15. h3 Nh6 16. Rxd5 Qe6 17. Na3 c6 18. Rd3 Rfd8 19. Rad1 Nf5 20. Nc4 Nh4 21. Qg4 Nf5 22. Qe4 Rac8 23. Na5 Rxd3 24. Qxd3 h5 25. Qa6 Rc7 26. Qd3 Rc8 27. Qc4 Qg6 28. Qe4 Qe6 29. Rd3 Rc7 30. Rf3 Nh4 31. Rd3 Nf5 32. Qc4 Qg6 33. Kh2 Nh4 34. g3 Qf5 35. f4 Rd7 36. Rxd7 Qxd7 37. Qe2 Nf5 38. Nc4 Qd5 39. g4 Nh4 40. Kg3 Qh1 41. f5 Bg5 42. Qf2 Ng6 43. Qg2 Qe1+ 0-1

[Event "CZE-ch Open 2019"]
[Site "Ostrava"]
[Date "2019.04.30"]
[Round "4.12"]
[White "Miesbauer, Jan"]
[Black "Neumann, Filip"]
[Result "1-0"]
[ECO "A48"]
[WhiteElo "2402"]
[BlackElo "2076"]
[Annotator "NA"]
[PlyCount "113"]
[EventDate "2019.04.27"]
[EventType "swiss"]
[EventCountry "CZE"]
[SourceTitle "playchess.com"]
[Source "ChessBase"]
[SourceQuality "1"]
[TimeControl "40/5400+30:1800+30"]

1. d4 Nf6 2. Nf3 g6 3. c4 Bg7 4. Nc3 O-O 5. Bg5 d6 6. e3 c5 7. Be2 a6 8. O-O Nc6 9. Rc1 h6 10. Bh4 g5 11. Bg3 Nh5 12. dxc5 Nxg3 13. hxg3 dxc5 14. Nd2 Bf5 15. Nde4 Bxe4 16. Nxe4 b6 17. Qc2 Qc7 18. f4 f5 19. Nc3 Bxc3 20. bxc3 g4 21. Bxg4 e6 22. Bf3 Rad8 23. e4 Ne7 24. Rfe1 Rd7 25. exf5 exf5 26. Re6 Kg7 27. Rce1 Qd8 28. Qe2 Ng6 29. Bd5 Rf6 30. Re8 Qc7 31. Rg8+ Kh7 32. Qe8 Rg7 33. Kf2 Qd7 34. Rxg7+ Qxg7 35. Re3 a5 36. Qd8 h5 37. Kg1 Kh6 38. Re6 Rxe6 39. Qg5+ Kh7 40. Bxe6 Qxc3 41. Bxf5 Qd4+ 42. Kh2 Qd6 43. Qxh5+ Kg7 44. Qxg6+ Qxg6 45. Bxg6 Kxg6 46. g4 b5 47. cxb5 c4 48. b6 c3 49. b7 c2 50. b8=Q c1=Q 51. Qe8+ Kg7 52. Qe5+ Kg8 53. g5 Qd2 54. g6 Qxa2 55. Qh5 Kg7 56. Qh7+ Kf6 57. g7 1-0

[Event "CZE-ch Open 2019"]
[Site "Ostrava"]
[Date "2019.04.30"]
[Round "4.13"]
[White "Hausner, Ivan"]
[Black "Malinovsky, Petr"]
[Result "1-0"]
[ECO "A06"]
[WhiteElo "2349"]
[BlackElo "2003"]
[Annotator "NA"]
[PlyCount "48"]
[EventDate "2019.04.27"]
[EventType "swiss"]
[EventCountry "CZE"]
[SourceTitle "playchess.com"]
[Source "ChessBase"]
[SourceQuality "1"]
[TimeControl "40/5400+30:1800+30"]

1. Nf3 d5 2. g3 e6 3. Bg2 c6 4. O-O f5 5. d3 Nf6 6. Nbd2 Be7 7. b3 O-O 8. Bb2 b6 9. c4 Bb7 10. e4 fxe4 11. dxe4 c5 12. Ng5 dxe4 $18 13. Nxe6 Qc8 14. Nxf8 Qxf8 15. Qe2 Nc6 16. Nxe4 Re8 17. Rfe1 Nxe4 18. Bxe4 Nd8 19. Bxb7 Nxb7 20. Rad1 Rd8 21. Rxd8 Bxd8 22. Qe6+ Qf7 23. Qe8+ Qxe8 24. Rxe8+ Kf7 1-0

[Event "CZE-ch Open 2019"]
[Site "Ostrava"]
[Date "2019.04.30"]
[Round "4.15"]
[White "Vrana, Frantisek"]
[Black "Mikes, Jan"]
[Result "0-1"]
[ECO "E73"]
[WhiteElo "2267"]
[BlackElo "2394"]
[Annotator "NA"]
[PlyCount "48"]
[EventDate "2019.04.27"]
[EventType "swiss"]
[EventCountry "CZE"]
[SourceTitle "playchess.com"]
[Source "ChessBase"]
[SourceQuality "1"]
[TimeControl "40/5400+30:1800+30"]

1. d4 Nf6 2. c4 g6 3. Nc3 Bg7 4. e4 d6 5. Be2 O-O 6. Bg5 c5 7. d5 h6 8. Be3 e6 9. Qd2 exd5 10. exd5 Kh7 11. h3 Re8 12. g4 b5 13. Nxb5 Ne4 14. Qc1 f5 15. Kf1 $11 a6 16. Na3 Ra7 17. Bd3 Qf6 18. Ne2 Rae7 19. Nc2 fxg4 20. Nf4 gxh3 21. Qd1 Nxf2 22. Bxg6+ Qxg6 23. Bxf2 Qe4 24. Qd3 Bf5 0-1

[Event "CZE-ch Open 2019"]
[Site "Ostrava"]
[Date "2019.04.30"]
[Round "4.16"]
[White "Mrazek, Lumir"]
[Black "Michenka, Jozef"]
[Result "1-0"]
[ECO "B30"]
[WhiteElo "2364"]
[BlackElo "2287"]
[Annotator "NA"]
[PlyCount "75"]
[EventDate "2019.04.27"]
[EventType "swiss"]
[EventCountry "CZE"]
[SourceTitle "playchess.com"]
[Source "ChessBase"]
[SourceQuality "1"]
[TimeControl "40/5400+30:1800+30"]

1. e4 c5 2. Nf3 Nc6 3. Nc3 g6 4. Bb5 Nd4 5. O-O Bg7 6. Nxd4 cxd4 7. Ne2 Nf6 8. d3 Qb6 9. Ba4 O-O 10. c3 dxc3 11. bxc3 d5 12. e5 Nd7 13. d4 $11 Qc7 14. Bf4 e6 15. Bc1 f5 16. Ba3 Rf7 17. Nf4 Qxc3 18. Bd6 Bh6 19. Nxd5 exd5 20. e6 Rf6 21. Re1 Nb6 22. e7 Be6 23. e8=Q+ Rxe8 24. Bxe8 Nc8 25. Be5 Rf8 26. Ba4 Qa5 27. Rb1 Qa6 28. Bb3 Bf7 29. f4 Nb6 30. Qf3 Re8 31. Rec1 Bf8 32. Rc7 Rd8 33. Qh3 Nd7 34. Qh4 Nxe5 35. fxe5 Qd3 36. Rd1 Qe3+ 37. Qf2 Bh6 38. Re1 1-0

[Event "CZE-ch Open 2019"]
[Site "Ostrava"]
[Date "2019.04.30"]
[Round "4.17"]
[White "Jasny, Stanislav"]
[Black "Jedlicka, Ales"]
[Result "1-0"]
[ECO "A48"]
[WhiteElo "2347"]
[BlackElo "2236"]
[Annotator "NA"]
[PlyCount "81"]
[EventDate "2019.04.27"]
[EventType "swiss"]
[EventCountry "CZE"]
[SourceTitle "playchess.com"]
[Source "ChessBase"]
[SourceQuality "1"]
[TimeControl "40/5400+30:1800+30"]

1. d4 Nf6 2. Nf3 g6 3. c4 Bg7 4. Nc3 O-O 5. e4 d6 6. h3 e5 7. d5 a5 8. g4 Na6 9. Be3 Nd7 10. a3 Nb6 11. Rg1 Nc5 12. b3 Bd7 13. a4 c6 14. dxc6 Bxc6 15. Bd3 Nbd7 $11 16. Bc2 Qe7 17. h4 Nf6 18. Nd2 Ne6 19. h5 Nd7 20. Nf3 Nf4 21. Qd2 Nc5 22. Rd1 Rfd8 23. Kf1 b6 24. Nd5 Bxd5 25. exd5 Re8 26. Re1 g5 27. h6 Bxh6 28. Bxf4 gxf4 29. g5 Bg7 30. Nh4 e4 31. Qxf4 Qe5 32. Rg4 Qxf4 33. Rxf4 Nd3 34. Bxd3 exd3 35. Rd1 d2 36. Rxd2 h6 37. gxh6 Bxh6 38. Rg4+ Kf8 39. Rd3 Re5 40. Rf3 Bc1 41. Ng6+ 1-0

[Event "CZE-ch Open 2019"]
[Site "Ostrava"]
[Date "2019.04.30"]
[Round "4.18"]
[White "Freisler, Pavel"]
[Black "Kulhanek, Tomas"]
[Result "0-1"]
[ECO "A41"]
[WhiteElo "2245"]
[BlackElo "2316"]
[Annotator "NA"]
[PlyCount "142"]
[EventDate "2019.04.27"]
[EventType "swiss"]
[EventCountry "CZE"]
[SourceTitle "playchess.com"]
[Source "ChessBase"]
[SourceQuality "1"]
[TimeControl "40/5400+30:1800+30"]

1. Nf3 d6 2. d4 Bg4 3. g3 Bxf3 4. exf3 c6 5. f4 g6 6. Nd2 Bg7 7. Nf3 e6 8. Bd3 Ne7 9. h4 h5 10. c3 Nd7 11. Qc2 O-O 12. O-O $11 c5 13. Be3 Rc8 14. Rad1 Nd5 15. Qe2 a6 16. Bc1 Re8 17. c4 Nb4 18. Bb1 Qc7 19. dxc5 dxc5 20. Ng5 Nc6 21. Qd3 Nf6 22. Be3 Nd4 23. Bxd4 cxd4 24. b3 Nd7 25. Rfe1 Nc5 26. Qf3 Qc6 27. Be4 Qb6 28. Bd3 a5 29. g4 hxg4 30. Qxg4 Nxd3 31. Rxd3 Qc5 32. Rh3 Qf5 33. Qf3 b5 34. Ne4 Red8 35. c5 Qh5 36. Qxh5 gxh5 37. Rg3 Kf8 38. Kf1 d3 39. Rd1 Rd4 40. Re3 d2 41. Ke2 Bh6 42. Rxd2 Rxd2+ 43. Nxd2 Rxc5 44. Re5 Rc2 45. Re4 Rxa2 46. Kd3 e5 47. Nf3 Rxf2 48. Nxe5 Rxf4 49. Nd7+ Kg7 50. Re5 Rf3+ 51. Kc2 Rf2+ 52. Kc3 Bd2+ 53. Kd3 Bc1 54. Rc5 Rd2+ 55. Ke4 Rxd7 56. Rxc1 a4 57. b4 a3 58. Ra1 Rc7 59. Rxa3 Rc4+ 60. Kf5 Rxh4 61. Kg5 Rxb4 62. Kxh5 Rb1 63. Kg5 b4 64. Rg3 b3 65. Kf5+ Kf8 66. Rf3 b2 67. Rf2 Ke7 68. Re2+ Kd6 69. Rf2 Kd5 70. Kf6 Kc4 71. Kxf7 Kb3 0-1

[Event "CZE-ch Open 2019"]
[Site "Ostrava"]
[Date "2019.04.30"]
[Round "4.19"]
[White "Liska, Jiri"]
[Black "Svanda, Ondrej"]
[Result "0-1"]
[ECO "A05"]
[WhiteElo "2236"]
[BlackElo "2309"]
[Annotator "NA"]
[PlyCount "88"]
[EventDate "2019.04.27"]
[EventType "swiss"]
[EventCountry "CZE"]
[SourceTitle "playchess.com"]
[Source "ChessBase"]
[SourceQuality "1"]
[TimeControl "40/5400+30:1800+30"]

1. Nf3 Nf6 2. c4 g6 3. b3 Bg7 4. Bb2 O-O 5. g3 c6 6. Bg2 d5 7. O-O Bf5 8. d3 Re8 9. Nbd2 a5 10. Qc2 Na6 11. a3 Rc8 12. h3 Qb6 13. e4 dxe4 14. Nxe4 Nxe4 15. Bxg7 Nec5 16. Bd4 Qxb3 17. Qd2 f6 18. Rfd1 Bxd3 19. Qxa5 b6 20. Qe1 e5 21. Be3 Red8 22. Nd2 Qa4 23. f4 Bc2 24. Bxc5 Nxc5 25. Ne4 Rxd1 26. Nxf6+ Kf7 27. Rxd1 Bxd1 28. Qxe5 Qxc4 29. Nd5 Nd7 30. Qe7+ Kg8 31. Qxd7 Qc5+ 32. Kh2 cxd5 33. Qe6+ Kf8 34. Bxd5 Qf2+ 35. Bg2 Qc5 36. Bd5 Qc2+ 37. Kh1 Qf5 38. Qg8+ Ke7 39. Qg7+ Kd6 40. Bg2 Bb3 41. Qd4+ Bd5 42. g4 Qe6 43. Qxb6+ Ke7 44. Qa7+ Kf8 0-1

[Event "CZE-ch Open 2019"]
[Site "Ostrava"]
[Date "2019.04.30"]
[Round "4.20"]
[White "Jun, Rudolf Jr."]
[Black "Worek, Joanna"]
[Result "0-1"]
[ECO "A07"]
[WhiteElo "2138"]
[BlackElo "2299"]
[Annotator "NA"]
[PlyCount "100"]
[EventDate "2019.04.27"]
[EventType "swiss"]
[EventCountry "CZE"]
[SourceTitle "playchess.com"]
[Source "ChessBase"]
[SourceQuality "1"]
[TimeControl "40/5400+30:1800+30"]

1. Nf3 d5 2. g3 Nf6 3. Bg2 c6 4. O-O Bg4 5. d4 Nbd7 6. Ne5 Bf5 7. Re1 e6 8. c4 Be7 9. Nc3 O-O 10. a3 h6 11. b3 Qc7 12. Bf4 Nxe5 13. Bxe5 Qd7 14. e4 dxe4 15. Nxe4 Nxe4 16. Bxe4 Bxe4 17. Rxe4 Rad8 18. Re1 Rfe8 19. Qg4 Bf8 20. Rad1 Kh8 21. a4 f6 22. Bf4 Qf7 23. Qf3 Qg6 24. Qe4 Qxe4 25. Rxe4 g5 26. Bc1 f5 27. Ree1 Bg7 28. Be3 Rd7 29. d5 exd5 30. cxd5 cxd5 31. Bxa7 Rxe1+ 32. Rxe1 d4 33. Rd1 Kg8 34. Kf1 d3 35. f3 Be5 36. Kf2 f4 37. a5 Kf7 38. Bc5 Kf6 39. Bb4 h5 40. Bd2 Kf5 41. b4 Bd4+ 42. Kf1 Be3 43. Bc3 g4 44. fxg4+ hxg4 45. gxf4 Kxf4 46. Kg2 d2 47. b5 Rc7 48. Rxd2 Rxc3 49. Ra2 Rc1 50. Ra4+ Kg5 0-1

[Event "CZE-ch Open 2019"]
[Site "Ostrava"]
[Date "2019.04.30"]
[Round "4.21"]
[White "Valencik, Jozef"]
[Black "Riha, Vojtech"]
[Result "0-1"]
[ECO "A45"]
[WhiteElo "2057"]
[BlackElo "2288"]
[Annotator "NA"]
[PlyCount "66"]
[EventDate "2019.04.27"]
[EventType "swiss"]
[EventCountry "CZE"]
[SourceTitle "playchess.com"]
[Source "ChessBase"]
[SourceQuality "1"]
[TimeControl "40/5400+30:1800+30"]

1. d4 Nf6 2. Bf4 g6 3. Nc3 d5 4. e3 Bg7 5. h4 h5 6. Nb5 Na6 7. Nf3 Bf5 8. Ne5 Ng4 9. Nxg4 $11 hxg4 10. Qd2 c6 11. Nc3 Nc7 12. O-O-O Ne6 13. Bg3 c5 14. Be5 Bxe5 15. dxe5 d4 16. e4 dxc3 17. Qxc3 Qb6 18. exf5 gxf5 19. Qd3 Rd8 20. Qb5+ Kf8 21. Rxd8+ Qxd8 22. Bc4 Qd4 23. Bxe6 fxe6 24. Qxb7 Qxe5 25. g3 Kf7 26. Qb3 Rb8 27. Qc3 Qd5 28. Re1 Qxa2 29. b3 Qa3+ 30. Qb2 Qb4 31. Qe5 Rb6 32. Re3 Rd6 33. Qc3 Qa3+ 0-1

[Event "CZE-ch Open 2019"]
[Site "Ostrava"]
[Date "2019.04.30"]
[Round "4.22"]
[White "Vokac, Marek"]
[Black "Zeman, Matyas"]
[Result "0-1"]
[ECO "A40"]
[WhiteElo "2343"]
[BlackElo "2244"]
[Annotator "NA"]
[PlyCount "75"]
[EventDate "2019.04.27"]
[EventType "swiss"]
[EventCountry "CZE"]
[SourceTitle "playchess.com"]
[Source "ChessBase"]
[SourceQuality "1"]
[TimeControl "40/5400+30:1800+30"]

1. d4 e6 2. Nf3 d5 3. Bg5 Nf6 4. e3 Be7 5. Nbd2 Nbd7 6. Bd3 b6 7. O-O Bb7 8. Ne5 Nxe5 9. dxe5 Nd7 10. Bf4 Nc5 11. Bb5+ c6 12. Be2 O-O 13. c3 a5 14. Qc2 Ba6 15. Bxa6 $11 Rxa6 16. Rad1 Qc7 17. Bg3 b5 18. f4 g6 19. b4 axb4 20. cxb4 Nd7 21. e4 Bxb4 22. exd5 Bc5+ 23. Kh1 cxd5 24. Nb3 Qa7 25. Bf2 Bxf2 26. Rxf2 Ra8 27. Rdd2 Ra4 28. h3 Rc4 29. Qd1 Rac8 30. Kh2 Qa4 31. Qf1 Nc5 32. Nxc5 R8xc5 33. Rf3 Rc2 34. Rxc2 Rxc2 35. a3 Qe4 36. Rf2 Rxf2 37. Qxf2 d4 38. g3 0-1

[Event "CZE-ch Open 2019"]
[Site "Ostrava"]
[Date "2019.04.30"]
[Round "4.23"]
[White "Kana, Pavel"]
[Black "Vesselovsky, Serguei"]
[Result "1/2-1/2"]
[ECO "B77"]
[WhiteElo "2013"]
[BlackElo "2335"]
[Annotator "NA"]
[PlyCount "73"]
[EventDate "2019.04.27"]
[EventType "swiss"]
[EventCountry "CZE"]
[SourceTitle "playchess.com"]
[Source "ChessBase"]
[SourceQuality "1"]
[TimeControl "40/5400+30:1800+30"]

1. e4 c5 2. Nf3 d6 3. d4 cxd4 4. Nxd4 Nf6 5. Nc3 g6 6. Be3 Bg7 7. f3 Nc6 8. Bc4 O-O 9. Qd2 Nd7 10. h4 Nb6 11. Bb3 Na5 12. Qd3 Nxb3 $16 13. axb3 d5 14. Ndb5 a6 15. Bxb6 Qxb6 16. Nxd5 Qd8 17. Nbc3 e6 18. Ne3 Qc7 19. O-O-O b5 20. Kb1 Bb7 21. h5 Rad8 22. Qe2 Rxd1+ 23. Rxd1 Rd8 24. hxg6 hxg6 25. Rd3 Rd4 26. Rxd4 Bxd4 27. Qd3 Qc5 28. Nf1 f5 29. Ne2 Bf6 30. Nc3 Bc6 31. Nd2 Kf7 32. Ka2 Ke7 33. Kb1 Qg1+ 34. Qf1 Qxf1+ 35. Nxf1 Bxc3 36. bxc3 fxe4 37. f4 1/2-1/2

[Event "CZE-ch Open 2019"]
[Site "Ostrava"]
[Date "2019.04.30"]
[Round "4.24"]
[White "Obsivac, Josef"]
[Black "Ockay, Tomas"]
[Result "0-1"]
[ECO "E18"]
[WhiteElo "2285"]
[BlackElo "2131"]
[Annotator "NA"]
[PlyCount "76"]
[EventDate "2019.04.27"]
[EventType "swiss"]
[EventCountry "CZE"]
[SourceTitle "playchess.com"]
[Source "ChessBase"]
[SourceQuality "1"]
[TimeControl "40/5400+30:1800+30"]

1. d4 Nf6 2. Nf3 e6 3. g3 b6 4. Bg2 Bb7 5. O-O Be7 6. c4 O-O 7. Nc3 Na6 8. d5 Nc5 9. Nd4 e5 10. Nf5 d6 11. b4 Ncd7 12. Bb2 Re8 13. Qd2 $14 Nf8 14. Rfd1 Bc8 15. Ne3 Ng4 16. Nc2 Bg5 17. e3 Bf5 18. Ne4 Bh6 19. a4 Nd7 20. a5 Ndf6 21. Nxf6+ Qxf6 22. h3 Qg6 23. Rdc1 Nf6 24. Ne1 Be4 25. Nf3 Bg5 26. Qd1 h5 27. h4 Bh6 28. Nd2 Bxg2 29. Kxg2 Ng4 30. Qe2 f5 31. Rc3 f4 32. axb6 cxb6 33. Rf1 fxe3 34. fxe3 Rf8 35. Nf3 e4 36. Nh2 Rxf1 37. Nxf1 Rf8 38. Rc2 Rxf1 0-1

[Event "CZE-ch Open 2019"]
[Site "Ostrava"]
[Date "2019.04.30"]
[Round "4.25"]
[White "Jurek, Josef"]
[Black "Otruba, Marek"]
[Result "0-1"]
[ECO "A05"]
[WhiteElo "2269"]
[BlackElo "2103"]
[Annotator "NA"]
[PlyCount "126"]
[EventDate "2019.04.27"]
[EventType "swiss"]
[EventCountry "CZE"]
[SourceTitle "playchess.com"]
[Source "ChessBase"]
[SourceQuality "1"]
[TimeControl "40/5400+30:1800+30"]

1. Nf3 Nf6 2. c4 e6 3. g3 d5 4. b3 Be7 5. Bg2 O-O 6. O-O c5 7. Bb2 Nc6 8. e3 d4 9. exd4 cxd4 10. Re1 Ne8 11. a3 a5 12. Ne5 Nxe5 13. Rxe5 f6 14. Re1 e5 15. d3 Rb8 16. Nd2 $11 Bd7 17. Qe2 Bd6 18. Ne4 Qb6 19. Nxd6 Nxd6 20. b4 Qc7 21. c5 Nb5 22. Qc2 axb4 23. Qc4+ Kh8 24. Qxb4 Bc6 25. Be4 Bxe4 26. Rxe4 b6 27. Rc1 bxc5 28. Rxc5 Qd7 29. Qa4 Rfc8 30. Rxc8+ Qxc8 31. Re1 Nc3 32. Qc2 Na4 33. Qxc8+ Rxc8 34. Bc1 Kg8 35. f4 Kf7 36. fxe5 fxe5 37. Bd2 Ke6 38. Rb1 Rc2 39. Bb4 Nb2 40. Bf8 g6 41. a4 Nxd3 42. a5 Ra2 43. Rb3 e4 44. Ra3 Rxa3 45. Bxa3 Kd5 46. a6 Kc6 47. Kf1 Kb6 48. Be7 Ne5 49. Bc5+ Kxa6 50. Bxd4 Nf3 51. Bc3 Kb5 52. h3 Kc4 53. Ba5 Kd3 54. Kf2 Nd4 55. g4 e3+ 56. Kg3 h6 57. Kf4 e2 58. Be1 Nc2 59. Bf2 e1=Q 60. Bxe1 Nxe1 61. Ke5 Nf3+ 62. Kf6 g5 63. Kg6 Ke3 0-1

[Event "CZE-ch Open 2019"]
[Site "Ostrava"]
[Date "2019.04.30"]
[Round "4.26"]
[White "Babula, Milan"]
[Black "Didi, Jan"]
[Result "1/2-1/2"]
[ECO "B80"]
[WhiteElo "2204"]
[BlackElo "2025"]
[Annotator "NA"]
[PlyCount "67"]
[EventDate "2019.04.27"]
[EventType "swiss"]
[EventCountry "CZE"]
[SourceTitle "playchess.com"]
[Source "ChessBase"]
[SourceQuality "1"]
[TimeControl "40/5400+30:1800+30"]

1. e4 c5 2. Nf3 e6 3. d4 cxd4 4. Nxd4 Nf6 5. Nc3 d6 6. g3 Be7 7. Bg2 O-O 8. O-O Nc6 9. b3 a6 10. Bb2 Qc7 11. Nde2 b5 12. a3 Bb7 13. h3 Rac8 14. g4 b4 15. axb4 Nxb4 16. Ng3 d5 17. Rc1 d4 18. Nce2 e5 19. c4 Rfd8 20. Qd2 Bc5 21. Ra1 Rb8 22. Nc1 Be7 23. Ba3 a5 24. Bxb4 Bxb4 25. Qc2 Nd7 26. Nd3 Bc3 27. Ra2 Nc5 28. Nxc5 Qxc5 29. Bf3 Bc6 30. Ne2 Bb4 31. Nc1 Bc3 32. Ne2 Bb4 33. Nc1 Bc3 34. Bd1 1/2-1/2

[Event "CZE-ch Open 2019"]
[Site "Ostrava"]
[Date "2019.04.30"]
[Round "4.27"]
[White "Belunek, Vladimir"]
[Black "Koubova, Anna Marie"]
[Result "1-0"]
[ECO "D83"]
[WhiteElo "2201"]
[BlackElo "2005"]
[Annotator "NA"]
[PlyCount "25"]
[EventDate "2019.04.27"]
[EventType "swiss"]
[EventCountry "CZE"]
[SourceTitle "playchess.com"]
[Source "ChessBase"]
[SourceQuality "1"]
[TimeControl "40/5400+30:1800+30"]

1. d4 Nf6 2. c4 g6 3. Nc3 d5 4. Bf4 Bg7 5. e3 O-O 6. Rc1 Na6 7. Nf3 c5 8. h3 Qa5 9. Qb3 Be6 10. Qb5 Qxb5 11. cxb5 Nb4 12. a3 cxd4 13. exd4 1-0

[Event "CZE-ch Open 2019"]
[Site "Ostrava"]
[Date "2019.04.30"]
[Round "4.28"]
[White "Vorisek, Jakub"]
[Black "Bures, Martin"]
[Result "0-1"]
[ECO "B06"]
[WhiteElo "1991"]
[BlackElo "2150"]
[Annotator "NA"]
[PlyCount "136"]
[EventDate "2019.04.27"]
[EventType "swiss"]
[EventCountry "CZE"]
[SourceTitle "playchess.com"]
[Source "ChessBase"]
[SourceQuality "1"]
[TimeControl "40/5400+30:1800+30"]

1. e4 g6 2. d4 Bg7 3. Nf3 c5 4. Nc3 cxd4 5. Nxd4 Nc6 6. Nb3 Nf6 7. Be2 O-O 8. O-O d6 9. Bg5 Be6 10. Kh1 Rc8 11. f4 $11 a6 12. Bf3 Nd7 13. Rb1 Nb6 14. Nd5 Nc4 15. c3 f6 16. Bh4 Bf7 17. Qe2 b5 18. Rbd1 e6 19. Ne3 g5 20. Bg3 gxf4 21. Bxf4 e5 22. Bg3 Ne7 23. Bg4 Rc6 24. Nf5 Nxf5 25. Bxf5 Qe7 26. Na1 Rd8 27. Nc2 d5 28. exd5 Rxd5 29. Rxd5 Bxd5 30. Qh5 Bf7 31. Bxh7+ Kf8 32. Qf3 Rd6 33. Qa8+ Qd8 34. Qxd8+ Rxd8 35. b3 Nb6 36. Nb4 a5 37. Nc6 Rd2 38. h3 Bd5 39. Rf2 Rd1+ 40. Kh2 Bxc6 41. Bxe5 Nd7 42. Bd4 Kf7 43. Bc2 Re1 44. c4 Bf8 45. Kg3 Bd6+ 46. Kh4 b4 47. Bf5 Bc5 48. Bxc5 Nxc5 49. g4 Re5 50. Rd2 Be4 51. Bc8 Bd3 52. Rf2 Ne4 53. Rf5 Nd6 54. Rxe5 fxe5 55. Bd7 Nb7 56. Kg5 Bb1 57. Kh6 Nc5 58. Bc6 e4 59. Bd5+ Kf8 60. g5 e3 61. Bf3 Ne6 62. g6 Bd3 63. c5 e2 64. Bxe2 Bxe2 65. c6 Kg8 66. h4 Bf3 67. c7 Nxc7 68. Kg5 Nd5 0-1

[Event "CZE-ch Open 2019"]
[Site "Ostrava"]
[Date "2019.04.30"]
[Round "4.29"]
[White "Vybiral, Zdenek"]
[Black "Havelka, Ondrej"]
[Result "1-0"]
[ECO "C18"]
[WhiteElo "2274"]
[BlackElo "2156"]
[Annotator "NA"]
[PlyCount "39"]
[EventDate "2019.04.27"]
[EventType "swiss"]
[EventCountry "CZE"]
[SourceTitle "playchess.com"]
[Source "ChessBase"]
[SourceQuality "1"]
[TimeControl "40/5400+30:1800+30"]

1. e4 e6 2. d4 d5 3. Nc3 Bb4 4. e5 c5 5. a3 Bxc3+ 6. bxc3 Ne7 7. h4 b6 8. Qg4 cxd4 9. Qxg7 Rg8 10. Qxh7 Qc7 11. Ne2 Ba6 12. Rh3 dxc3 13. Rf3 Nbc6 14. Qxf7+ Kd7 15. Rf6 Nd8 16. Qh5 Nf5 17. Rxf5 exf5 18. Qh7+ Nf7 19. Qxf7+ Kc6 20. Nd4+ 1-0

[Event "CZE-ch Open 2019"]
[Site "Ostrava"]
[Date "2019.04.30"]
[Round "4.30"]
[White "Taus, Martin"]
[Black "Kanakova, Natalie"]
[Result "0-1"]
[ECO "B22"]
[WhiteElo "2104"]
[BlackElo "2202"]
[Annotator "NA"]
[PlyCount "58"]
[EventDate "2019.04.27"]
[EventType "swiss"]
[EventCountry "CZE"]
[SourceTitle "playchess.com"]
[Source "ChessBase"]
[SourceQuality "1"]
[TimeControl "40/5400+30:1800+30"]

1. e4 c5 2. c3 Nf6 3. e5 Nd5 4. d4 cxd4 5. cxd4 Nc6 6. Nf3 d6 7. exd6 Qxd6 8. Nc3 Bg4 9. Be2 e6 10. O-O Be7 11. Be3 O-O 12. Qb3 Rfd8 13. Rad1 Qc7 14. Rfe1 Rac8 15. h3 Bh5 16. Rc1 Nf4 17. Bxf4 Qxf4 18. g3 Qd6 19. g4 Bg6 20. Qxb7 Rb8 21. Qa6 Nxd4 22. Qxa7 Bf6 23. Qa3 Qf4 24. Kg2 Nxf3 25. Bxf3 Rd3 26. Re3 Be5 27. Qa6 Rxe3 28. Ne2 Qxf3+ 29. Kg1 Bh2+ 0-1

[Event "CZE-ch Open 2019"]
[Site "Ostrava"]
[Date "2019.04.30"]
[Round "4.31"]
[White "Kolar, Stanislav"]
[Black "Bulockin, Martin"]
[Result "1/2-1/2"]
[ECO "A04"]
[WhiteElo "2091"]
[BlackElo "2199"]
[Annotator "NA"]
[PlyCount "87"]
[EventDate "2019.04.27"]
[EventType "swiss"]
[EventCountry "CZE"]
[SourceTitle "playchess.com"]
[Source "ChessBase"]
[SourceQuality "1"]
[TimeControl "40/5400+30:1800+30"]

1. Nf3 c5 2. c4 g6 3. Nc3 Bg7 4. e3 Nf6 5. d4 cxd4 6. exd4 O-O 7. Be2 d5 8. cxd5 Nxd5 9. Qb3 Nxc3 10. bxc3 Nc6 11. O-O b6 12. Bf4 Bb7 13. Rfd1 e6 14. Rac1 Rc8 15. Qa3 Qd5 16. c4 Qe4 17. Qe3 Qxe3 18. fxe3 Ne7 19. Bd6 Rfe8 20. g4 Bf8 21. Kf2 Red8 22. Be5 Bg7 23. Bg3 h6 24. Ne5 f6 25. Nf3 Kf7 26. Bd3 Nc6 27. h3 g5 28. d5 Nb4 29. dxe6+ Ke7 30. Bf5 Bxf3 31. Kxf3 Bf8 32. a3 Na6 33. Be1 Rxd1 34. Rxd1 Rd8 35. Rd4 Rd6 36. Bc3 Bg7 37. a4 Nc5 38. Bb4 a5 39. Ba3 Bf8 40. Be4 Kxe6 41. Bd5+ Kd7 42. Rd1 Kc7 43. Rb1 Rd8 44. Bxc5 1/2-1/2